AoeStats
← Elpataflaka1872

Arena

510019649Analyzed
3v3 RM · 3d ago on Sep 29, 2026· 61m 42s· 6 players
Game mode
Random Map
Map size
Normal (6 player)
Population
200
Speed
Normal
Resources
Standard
Victory
Conquest
Starting age
Dark Age
Ending age
Imperial Age
RankedLock teamsTeams togetherTeam positionsShared explorationLock speedFull tech treeHidden civsTurbo modeCheats
Victory
Defeat
🇪🇸 Persians · Spain
806
+16
🇳🇿 Malay · New Zealand
771
+18
🇺🇸 Franks · United States
706
+20
🇦🇷 Khmer · Argentina
920
-43
🇺🇸 Japanese · United States
821
-19
🇦🇷 Goths · Argentina
679
-13
snipejawn07
8:21 Loom
10:31 Feudal Age
11:52 Wheelbarrow
19:09 Castle Age
19:18 Double-Bit Axe
22:22 Bow Saw
26:36 Hand Cart
32:34 Caravan
33:26 Scale Barding Armor
34:37 Chain Barding Armor
37:56 Imperial Age
36:42 Forging
36:35 Scale Mail Armor
37:12 Husbandry
38:41 Chivalry
38:05 Cavalier
39:24 Plate Barding Armor
39:28 Iron Casting
39:41 Chain Mail Armor
41:11 Paladin
44:04 Blast Furnace
46:00 Pikeman
46:45 Squires
49:05 Ordonnance Companies
51:43 Man-at-Arms
51:45 Halberdier
52:13 Gambesons
52:14 Arson
53:12 Plate Mail Armor
54:03 Long Swordsman
56:53 Two-Handed Swordsman
59:50 Conscription
xxx_Panther_xxx1
14:54 Feudal Age
17:45 Loom
20:01 Castle Age
17:51 Loom
25:18 Double-Bit Axe
25:58 Horse Collar
27:00 Husbandry
27:36 Scale Barding Armor
34:21 Imperial Age
32:31 Fletching
32:52 Forging
33:43 Bodkin Arrow
34:36 Bow Saw
35:42 Wheelbarrow
34:52 Town Watch
39:17 Man-at-Arms
44:39 Hand Cart
44:24 Town Patrol
45:31 Forced Levy
47:09 Heavy Plow
47:07 Long Swordsman
47:48 Squires
48:34 Two-Handed Swordsman
50:53 Iron Casting
51:22 Hand Cart
51:08 Town Patrol
53:50 Blast Furnace
59:24 Arson
MMURIEL
3:02 Loom
10:16 Feudal Age
11:33 Wheelbarrow
10:46 Double-Bit Axe
17:51 Castle Age
16:54 Horse Collar
17:06 Gold Mining
19:16 Heavy Plow
19:49 Man-at-Arms
25:18 Hand Cart
29:47 Imperial Age
27:07 Pikeman
28:25 Bow Saw
28:46 Ballistics
29:25 Thumb Ring
31:06 Chemistry
31:03 Conscription
31:39 Crop Rotation
33:47 Citadels
34:27 Bloodlines
34:18 Husbandry
34:29 Fletching
34:40 Padded Archer Armor
34:37 Murder Holes
34:24 Elite Skirmisher
34:30 Cavalier
35:43 Bodkin Arrow
36:04 Leather Archer Armor
37:29 Leather Archer Armor
37:42 Masonry
39:13 Hoardings
42:09 Savar
43:50 Scale Barding Armor
43:56 Forging
43:28 Halberdier
44:08 Squires
44:40 Caravan
45:19 Squires
45:21 Scale Mail Armor
45:42 Chain Barding Armor
47:41 Architecture
51:52 Iron Casting
53:28 Plate Barding Armor
54:48 Capped Ram
56:44 Kamandaran
56:09 Crossbowman
57:19 Town Watch
59:25 Two-Man Saw
58:18 Stone Mining
59:04 Gold Shaft Mining
58:10 Siege Ram
61:36 Ring Archer Armor
62:07 Blast Furnace
Nivix Zixer
10:27 Feudal Age
10:54 Double-Bit Axe
17:04 Castle Age
16:18 Fletching
16:34 Horse Collar
18:16 Bow Saw
20:45 Wheelbarrow
21:15 Bodkin Arrow
23:46 Thumb Ring
23:57 Bloodlines
24:58 Husbandry
25:21 Scale Barding Armor
26:33 Gold Mining
28:28 Chain Barding Armor
28:28 Padded Archer Armor
30:04 Yasama
30:31 Masonry
30:43 Ballistics
30:36 Masonry
30:43 Fortified Wall
32:07 Hand Cart
32:15 Guard Tower
34:13 Chain Barding Armor
39:00 Imperial Age
37:22 Light Cavalry
38:53 Forging
WildCashew8600
9:38 Feudal Age
10:25 Double-Bit Axe
16:47 Castle Age
15:59 Horse Collar
19:35 Wheelbarrow
19:35 Stone Mining
24:30 Bow Saw
25:07 Heavy Plow
25:43 Hand Cart
27:33 Gold Mining
28:21 Stone Shaft Mining
31:30 Husbandry
31:41 Bloodlines
38:42 Imperial Age
39:02 Capped Ram
39:08 Heavy Scorpion
39:12 Elite Battle Elephant
44:38 Gold Shaft Mining
45:35 Conscription
45:17 Double Crossbow
45:19 Tusk Swords
45:56 Hoardings
44:43 Elite Ballista Elephant
45:48 Loom
46:44 Pikeman
48:02 Forging
47:58 Scale Barding Armor
48:20 Ballistics
49:01 Chemistry
48:07 Siege Engineers
47:58 Murder Holes
47:56 Fletching
48:07 Padded Archer Armor
48:21 Halberdier
58:36 Caravan
Elpataflaka1872
11:51 Feudal Age
15:46 Castle Age
15:08 Loom
15:14 Double-Bit Axe
18:15 Gold Mining
18:16 Stone Mining
18:09 Horse Collar
19:01 Squires
19:45 Bow Saw
21:05 Fervor
24:22 Wheelbarrow
24:16 Pikeman
27:04 Murder Holes
30:30 Treadmill Crane
31:01 Masonry
32:07 Anarchy
37:22 Imperial Age
35:22 Scale Mail Armor
35:33 Forging
36:20 Stone Shaft Mining
36:59 Hand Cart
38:51 Conscription
38:27 Sappers
39:02 Heavy Plow
39:00 Halberdier
43:23 Chain Mail Armor
43:44 Iron Casting
43:00 Town Watch
44:08 Elite Huskarl
45:36 Crop Rotation
47:02 Blast Furnace
49:48 Perfusion
52:43 Two-Man Saw
53:14 Fletching
53:39 Guilds
53:59 Coinage
55:52 Man-at-Arms
57:07 Architecture
56:45 Town Patrol
56:21 Long Swordsman
56:37 Two-Handed Swordsman
57:29 Champion
62:04 Ballistics
62:46 Chemistry
Connection lost

Rejoining the realm…

Still unreachable

The connection could not be restored.

Session expired

The server has moved on; the page needs a fresh start.